 Dungeon Crawl Stone Soup version 0.29.1-1-gd02db69 (webtiles) character file.

Game seed: 731173678738792804

1756 Dorkslayer the Cleaver (level 9, -2/78 HPs)
             Began as a Hill Orc Fighter on Oct 17, 2022.
             Was an Initiate of Gozag.
             Slain by a human
             ... wielding a +0 vorpal hand axe
              (6 damage)
             ... in a bailey.
             The game lasted 00:15:59 (6579 turns).

Dorkslayer the Cleaver (Hill Orc Fighter)           Turns: 6579, Time: 00:16:01

Health: -2/78      AC: 10    Str: 21    XL:     9   Next: 6%
Magic:  9/9        EV:  8    Int:  8    God:    Gozag
Gold:   898        SH:  6    Dex: 12    Spells: 8/8 levels left

rFire   . . .      SeeInvis +   a - +0 war axe
rCold   . . .      Faith    .   c - +1 buckler
rNeg    . . .      Spirit   .   u - +0 chain mail
rPois   .          Reflect  .   (no helmet)
rElec   .          Harm     .   (no cloak)
rCorr   .          Rampage  .   (no gloves)
Will    +....                   (no boots)
Stlth   ..........              n - amulet of the acrobat
HPRegen 0.23/turn               i - ring of willpower
MPRegen 0.11/turn               w - ring of see invisible

@: studying Evocations
A: no striking features
a: Renounce Religion, Potion Petition, Call Merchant, Bribe Branch


You were in a bailey.
You worshipped Gozag.
Gozag was pleased with you.
You visited 1 branch of the dungeon, and saw 7 of its levels.
You also visited: Bailey.

You collected 912 gold pieces.
You paid 14 gold pieces to Gozag.

Inventory:

Hand Weapons
 a - a +0 war axe (weapon)
Missiles
 h - 14 boomerangs (quivered)
Armour
 b - a +2 buckler
 c - a +1 buckler (worn)
 u - a +0 chain mail (worn)
Jewellery
 i - a ring of willpower (left hand)
 n - an amulet of the acrobat (around neck)
 r - an amulet of regeneration
 w - a ring of see invisible (right hand)
Wands
 t - a wand of charming (7)
Scrolls
 f - 2 scrolls of teleportation
 g - a scroll of summoning
 k - 2 scrolls of blinking
 m - a scroll of amnesia
 q - a scroll of butterflies
Potions
 d - a potion of magic {unknown}
 e - 2 potions of flight
 l - 2 potions of heal wounds
 p - 2 potions of mutation {unknown}
 s - 4 potions of resistance
 v - 3 potions of haste {unknown}
 z - 3 potions of curing


   Skills:
 * Level 6.9 Fighting
 + Level 8.9 Axes
 + Level 2.5 Throwing
 + Level 5.9 Armour
 + Level 1.4 Dodging
 + Level 1.0 Stealth
 + Level 4.8 Shields
 * Level 4.3 Evocations


You had 8 spell levels left.
You didn't know any spells.
Your spell library contained the following spells:

 Spells                   Type           Power      Damage    Failure   Level
 Ensorcelled Hibernation  Hex/Ice        0%         N/A       100%        2
 Passwall                 Tmut/Erth      0%         N/A       100%        2
 Call Canine Familiar     Summ           0%         N/A       100%        3
 Portal Projectile        Hex/Tloc       0%         N/A       100%        3
 Swiftness                Air            0%         N/A       100%        3
 Leda's Liquefaction      Hex/Erth       0%         N/A       100%        4


Dungeon Overview and Level Annotations

Branches:
Dungeon (7/15)             Temple (0/1) D:4          Bailey (1/1)

Altars:
Ashenzari
Gozag

Shops:
D:5 :


Message History

You block the orc's attack.
You strike the helpless orc from behind!
You hit the orc but do no damage.
Throw: 14 boomerangs
Press: ? - help, Q - select action, (/) - cycle Shift-Dir - straight line, f - human
Aim: a human, wielding a +0 vorpal hand axe and wearing a +0 ring mail (unable to see you, 55% to hit)
You throw a boomerang. The boomerang closely misses the human.
Unknown command.
You hit the human.
The human is lightly wounded.
You flicker back into view.
The human hits you with a +0 vorpal hand axe.
You hit the human.
The human is moderately wounded.
The human hits you with a +0 vorpal hand axe.
You barely miss the human.
The human is moderately wounded.
The human barely misses you.
You hit the human.
The human is moderately wounded.
The human hits you with a +0 vorpal hand axe.
* * * LOW HITPOINT WARNING * * *
x2 You hit the human but do no damage.
The human is moderately wounded.
The human hits you but does no damage.
You closely miss the human.
The human is moderately wounded.
The human hits you with a +0 vorpal hand axe.
* * * LOW HITPOINT WARNING * * *
x2 You hit the human.
The human is heavily wounded.
The human hits you with a +0 vorpal hand axe.
* * * LOW HITPOINT WARNING * * *
x2 You hit the human.
The human is severely wounded.
The human hits you with a +0 vorpal hand axe.
* * * LOW HITPOINT WARNING * * *
x2 The human hits you with a +0 vorpal hand axe.
You die...
Your body crumbles into a pile of gold.

##### ##...##
+..∩..#
######.....#
#...$@..∩..#
#.....p##...##
#.....o.#####
######...
##..# ..# p.#
.##


You could see a human and an orc.

Vanquished Creatures
  2 humans (Bailey)
  A steam dragon (D:7)
  4 ogres
  A centaur (D:7)
  A kobold brigand (D:5)
  A phantom (D:5)
  3 scorpions
  3 orc priests
  2 hounds
  4 iguanas
  5 orc wizards
  9 adders
  A white imp (D:6)
  3 worms
  4 dart slugs
  12 orcs
  8 ball pythons
  4 bats
  10 endoplasms
  4 giant cockroaches
  10 goblins
  9 hobgoblins
  2 jackals (D:1)
  6 kobolds
  4 quokkas
  3 frilled lizards
  9 rats
125 creatures vanquished.

Notes
Turn   | Place    | Note
-------+----------+-------------------------------------------
     0 | D:1      | Dorkslayer the Hill Orc Fighter began the quest for the
                  | Orb.
     0 | D:1      | Reached XP level 1. HP: 19/19 MP: 1/1
   102 | D:1      | Reached XP level 2. HP: 27/27 MP: 2/2
   258 | D:1      | Reached skill level 3 in Axes
   744 | D:1      | Reached XP level 3. HP: 31/33 MP: 3/3
  1373 | D:2      | Reached skill level 4 in Axes
  1374 | D:2      | Found an opulent altar of Gozag.
  1394 | D:2      | Became a worshipper of Gozag Ym Sagoz the Greedy
  1493 | D:2      | Reached XP level 4. HP: 21/40 MP: 4/4
  2568 | D:3      | Reached skill level 5 in Axes
  2568 | D:3      | Reached XP level 5. HP: 35/47 MP: 5/5
  2951 | D:4      | Reached skill level 1 in Dodging
  2951 | D:4      | Reached XP level 6. HP: 33/55 MP: 6/6
  3183 | D:4      | Found a staircase to the Ecumenical Temple.
  3421 | D:4      | Reached skill level 5 in Fighting
  3421 | D:4      | Reached skill level 6 in Axes
  4012 | D:4      | Found a broken altar of Ashenzari.
  4176 | D:5      | Entered Level 5 of the Dungeon
  4184 | D:5      | Identified the +7 whip "Widowmaker" {vamp, Dex+3}
  4280 | D:5      | Reached skill level 1 in Throwing
  4280 | D:5      | Reached XP level 7. HP: 31/61 MP: 7/7
  4480 | D:5      | Found Giutiss's Tremendous Tomes.
  4488 | D:5      | Reached skill level 7 in Axes
  4664 | D:5      | Reached skill level 1 in Evocations
  5205 | D:6      | Reached XP level 8. HP: 69/69 MP: 8/8
  5281 | D:6      | Reached skill level 5 in Armour
  6248 | D:7      | Identified a scroll of acquirement
  6248 | D:7      | Acquired a manual of Evocations
  6276 | D:7      | Reached skill level 8 in Axes
  6404 | D:7      | Found a flagged portal.
  6428 | Bailey   | Entered a bailey
  6569 | Bailey   | Reached skill level 1 in Stealth
  6569 | Bailey   | Reached XP level 9. HP: 30/78 MP: 9/9
  6579 | Bailey   | Slain by a human

Illustrated notes

Levels and vault maps discovered:
D:1:      lemuel_arrival_tunnels, layout_loops_cross
D:2:      layout_loops_corners, basic_altar
D:3:      layout_loops_ring, serial_bayou_pond_b
D:4:      layout_basic, ashenzari_altar_1, temple_pool_b
D:5:      layout_rooms, minmay_crystal_water, nicolae_shop_i_like_big_books
D:6:      layout_loops_cross
D:7:      layout_rooms, mainiacjoe_overflow_alcove_1, enter_bailey_5,
          minmay_between, uniq_crazy_yiuf_cottage
Bailey:   bailey_axe_froggy_fort_hellmonk, bailey

Skill      XL: |  1  2  3  4  5  6  7  8 |
---------------+-------------------------+-----
Axes           | 3 4 5 6 7 8 |  8.9
Fighting       | 4 5 6 |  6.9
Armour         | 4 5 |  5.9
Dodging        | 1 |  1.4
Throwing       | 1 2 |  2.5
Shields        | 4 |  4.8
Evocations     | 1 4 |  4.3
Stealth        | 1 |  1.0

Action                   |  1- 3 |  4- 6 |  7- 9 || total
-------------------------+-------+-------+-------++-------
Melee: War axe           |    95 |   165 |   159 ||   419
Throw: Boomerang         |     3 |     9 |    23 ||    35
       Throwing net      |       |     1 |       ||     1
  Use: Scroll            |       |     3 |    15 ||    18
       Potion            |       |       |     4 ||     4
 Stab: Held in net/web   |       |     1 |       ||     1
       Invisible         |       |       |     2 ||     2
       Distracted        |       |       |     1 ||     1
Armor: Scale mail        |    45 |    66 |    25 ||   136
       Chain mail        |       |       |    40 ||    40
Dodge: Dodged            |    43 |    69 |    77 ||   189
Block: Buckler           |    17 |    34 |    43 ||    94
